Cogmind - Beta 15 @@@ ROGUE MODE // 2025.08.29 @ 10:17:22 Player: Reflectatory Result: Destroyed by H-55 Commando with Assault Rifle Performance ------------- Evolutions (1) 500 Regions Visited (4) 800 Robots Destroyed (3) 15 Value Destroyed (30) 30 Prototype IDs (1) 20 Alien Tech Used (0) 0 Bonus (200) 200 TOTAL SCORE: 1565 Bonus ------- Entered Garrisons 200 Cogmind --------- Core Integrity 0/400 Matter 235/300 Energy 100/100 System Corruption 9% Temperature Cool (0) Movement Core (50) Location -9/Garrison Parts ------- > --- POWER (1) -------- (None) > --- PROPULSION (4) --- (None) > --- UTILITY (2) ------ Experimental Targeting Computer > --- WEAPON (2) ------- (None) > --- INVENTORY (5) ---- Light Ion Engine Flight Unit Flight Unit Flight Unit Flight Unit Peak State ------------ > --- POWER ------------ Ion Engine > --- PROPULSION ------- Flight Unit Flight Unit Flight Unit Flight Unit > --- UTILITY ---------- Experimental Targeting Computer > --- WEAPON ----------- Datajack > --- INVENTORY -------- Light Ion Engine Flight Unit Assault Rifle [Rating: 12] Favorites ----------- Power Light Ion Engine Engine Light Ion Engine Propulsion Hover Unit Leg Aluminum Leg Hover Unit Hover Unit Flight Unit Flight Unit Utility Small Storage Unit Storage Small Storage Unit Processor Experimental Targeting Computer Weapon Assault Rifle Ballistic Gun Assault Rifle Special Melee Weapon Datajack Build | -11 -10 -9 -9 -9 ------- Run | Yrd Mat Mat Sto Gar Slots Evolved 2 | . . 2 . . Power . | . . . . . Propulsion 2 | . . 2 . . Utility . | . . . . . Weapon . | . . . . . Parts Attached 19 | 6 5 2 6 . Power 2 | 1 . . 1 . Engine 2 | 1 . . 1 . Core . | . . . . . Reactor . | . . . . . Propulsion 12 | 2 4 2 4 . Treads . | . . . . . Leg 2 | 2 . . . . Wheel . | . . . . . Hover 4 | . . . 4 . Flight 6 | . 4 2 . . Utility 2 | 1 . . 1 . Device . | . . . . . Storage 1 | 1 . . . . Processor 1 | . . . 1 . Hackware . | . . . . . Protection . | . . . . . Artifact . | . . . . . Weapon 3 | 2 1 . . . Energy Gun . | . . . . . Energy Cannon . | . . . . . Ballistic Gun 2 | 2 . . . . Ballistic Cannon . | . . . . . Launcher . | . . . . . Special Weapon . | . . . . . Impact Weapon . | . . . . . Slashing Weapon . | . . . . . Piercing Weapon . | . . . . . Special Melee Weapon 1 | . 1 . . . Unidentified Prototypes 1 | . . . 1 . Parts Lost 8 | . 1 . 1 6 Power 1 | . . . . 1 Propulsion 5 | . 1 . . 4 Utility . | . . . . . Weapon 2 | . . . 1 1 Highest Loss Streak 6 | . 1 . 2 6 To Critical Strikes . | . . . . . Average Backups 3 | 1 3 3 3 5 Power . | . 1 1 . 1 Propulsion 1 | . . 1 2 4 Utility . | . . . . . Weapon . | . 1 . . . Tool/Special . | . . . . . Unused Backups 1 | . 1 . . . Power . | . . . . . Propulsion . | . . . . . Utility . | . . . . . Weapon 1 | . 1 . . . Tool/Special . | . . . . . Average Slot Usage (%) 73 | . 81 73 69 61 Engine 11 | . 14 11 9 8 Leg 10 | . 21 . . . Hover 11 | . . . 12 33 Flight 10 | . 6 40 29 . Storage 5 | . 10 . . . Processor 3 | . . . 4 11 Ballistic Gun 13 | . 22 22 3 . Special Melee Weapon 6 | . 5 . 9 8 Peak Build Rating 12 | 6 6 7 12 12 Average Rating 7 | 4 5 6 9 10 On Entrance 6 | . 6 5 7 12 Naked Turns . | . . . . . Heaviest Build 12 | 12 12 7 7 6 Greatest Support 24 | 20 20 16 24 24 Greatest Overweight (x) . | . . . . . Average Overweight (x) . | . . . . . Largest Inventory Capacity 8 | 8 8 5 5 5 Average Capacity 6 | 6 7 5 5 5 Most Carried 6 | 2 6 3 5 5 Average Carried 3 | 1 3 2 3 5 Final Capacity 8 | 8 5 5 5 5 Final Carried 5 | 2 4 3 5 5 Class Distribution -------------------- 100% | Mutant Dominant Class ---------------- Mutant | -10/Materials Mutant | -9/Materials Mutant | -9/Storage Mutant | -9/Garrison Resources | -11 -10 -9 -9 -9 ----------- Run | Yrd Mat Mat Sto Gar Matter Collected 290 | 213 27 . . 50 Remotely . | . . . . . Salvage Created 45 | . 45 . . . Parts 6 | . 6 . . . Haulers Intercepted . | . . . . . Recyclers Shooed . | . . . . . Parts Field Recycled . | . . . . . Retrieved Matter . | . . . . . Parts Self-Destructed . | . . . . . Prevented . | . . . . . Kills | -11 -10 -9 -9 -9 ------- Run | Yrd Mat Mat Sto Gar Combat Hostiles Destroyed 3 | . 3 . . . Guns 3 | . 3 . . . Classes Destroyed 1 | . 1 . . . Swarmer 3 | . 3 . . . Best Kill Streak 3 | . 3 . . . Combat Bots Only 3 | . 3 . . . Max Kills in Single Turn 1 | . 1 . . . Gunslinging . | . . . . . Exploded . | . . . . . Melee . | . . . . . Uniques/NPCs Destroyed . | . . . . . Combat | -11 -10 -9 -9 -9 -------- Run | Yrd Mat Mat Sto Gar Hostile Shots Fired 130 | . 36 14 . 80 Missed 48 | . 11 5 . 32 Hits 82 | . 25 9 . 48 Melee 5 | . . . . 5 Projectile 77 | . 25 9 . 43 Critical Strikes 2 | . . 1 . 1 Damage Taken 952 | . 224 116 18 594 Core 421 | . 19 27 . 375 Absorbed by Shields 4 | . . . . 4 Core Remaining (%) 96 | 100 92 . . . Volleys Fired 7 | . 7 . . . Largest 2 | . 2 . . . Hottest 40 | . 40 . . . Shots Fired 13 | . 13 . . . Gun 13 | . 13 . . . Cannon . | . . . . . Launcher . | . . . . . Special . | . . . . . Kinetic 13 | . 13 . . . Thermal . | . . . . . Explosive . | . . . . . Electromagnetic . | . . . . . Robot Hit Streak 6 | . 6 . . . Robot Miss Streak 6 | . 6 . . . Penetration Max . | . . . . . Secondary Targets 1 | . 1 . . . Max Gunslinging Chain 1 | . 1 . . . Shots Hit Robots 10 | . 7 . . 3 Core Hits 5 | . 3 . . 2 Critical Kills . | . . . . . Critical Parts Destroyed 1 | . 1 . . . Critical Strikes 1 | . 1 . . . Destroy 1 | . 1 . . . Melee Attacks 5 | . . . . 5 Impact . | . . . . . Slashing . | . . . . . Piercing . | . . . . . Sneak Attacks 1 | . . . . 1 Combat Hostiles 1 | . . . . 1 Follow-up Attacks . | . . . . . Damage Inflicted 200 | . 118 . . 82 Guns 118 | . 118 . . . Cannons . | . . . . . Explosions . | . . . . . Melee . | . . . . . Ramming 82 | . . . . 82 Kinetic 118 | . 118 . . . Thermal . | . . . . . Explosive . | . . . . . Electromagnetic . | . . . . . Impact . | . . . . . Slashing . | . . . . . Piercing . | . . . . . Highest Corruption 9 | . . . 1 9 Average Corruption 2 | . . . 1 3 Corruption Purged . | . . . . . Corruption Blocked . | . . . . . Effects 2 | . . . . 2 Heat Flow Errors 1 | . . . . 1 Data Loss (minor) 1 | . . . . 1 Overload Shots . | . . . . . Overflow Damage . | . . . . . Projectiles . | . . . . . Explosions . | . . . . . Melee . | . . . . . Knockbacks 1 | . . . . 1 Impact 1 | . . . . 1 Kinetic . | . . . . . Secondary . | . . . . . Self-Inflicted Damage 36 | . . . . 36 Shots . | . . . . . Rammed 27 | . . . . 27 Targets Rammed 27 | . . . . 27 Kicked . | . . . . . Crushed . | . . . . . Highest Temperature 271 | . . 20 . 271 Average Temperature 120 | . . 9 . 148 Received Heat Transfer 150 | . 51 57 . 42 Siege Activations . | . . . . . Martial Activations . | . . . . . Shielding Activations . | . . . . . Robots Disrupted . | . . . . . Combat Hostiles . | . . . . . Robots Corrupted . | . . . . . Combat Hostiles . | . . . . . Parts Fried . | . . . . . Impact Corruptions . | . . . . . Robots Melted . | . . . . . Combat Hostiles . | . . . . . Parts Melted . | . . . . . Heat Transferred . | . . . . . Parts Sabotaged . | . . . . . Parts Stolen . | . . . . . Parts Stripped . | . . . . . Power Chain Reactions . | . . . . . Alert | -11 -10 -9 -9 -9 ------- Run | Yrd Mat Mat Sto Gar Maximum Alert Level . | . . . . . Low Security (%) 100 | 100 100 100 100 100 Level 1 . | . . . . . Level 2 . | . . . . . Level 3 . | . . . . . Level 4 . | . . . . . Level 5 . | . . . . . High Security . | . . . . . Max Security . | . . . . . Peak Influence 107 | . 70 12 16 107 Initial 12 | . . 12 4 2 Average 19 | . 17 12 7 40 Influence Increases 205 | . 70 . 30 105 Destroy 0b10 Robot/C 60 | . 60 . . . Destroy Leader 10 | . 10 . . . Successful Hack 30 | . . . 30 . Partial Spotted 30 | . . . . 30 Lose Combat Pursuer 75 | . . . . 75 Influence Decreases 158 | . 40 18 38 62 Entered New Map 28 | . . 18 8 2 Time Decay 56 | . 30 . 26 . Lost Part 74 | . 10 . 4 60 Squads Dispatched 2 | . 2 . . . Investigation . | . . . . . Extermination . | . . . . . Reinforcement 2 | . 2 . . . Assault . | . . . . . Garrison . | . . . . . Intercept . | . . . . . Searches Triggered . | . . . . . Construction Impeded . | . . . . . Haulers Reinforced . | . . . . . Active Scanning Responses . | . . . . . Cargo Convoy Interrupts . | . . . . . Stealth | -11 -10 -9 -9 -9 --------- Run | Yrd Mat Mat Sto Gar Distress Signals . | . . . . . Communications Jammed . | . . . . . Distress Signals . | . . . . . Times Spotted 34 | . 13 8 . 13 Peak Tracking Total 10 | . 9 8 . 10 Tactical Retreats 1 | . . . . 1 Traps | -11 -10 -9 -9 -9 ------- Run | Yrd Mat Mat Sto Gar Traps Triggered 3 | . . . 3 . Indirectly . | . . . . . Trap Hack Attempts . | . . . . . Triggered . | . . . . . Disarmed . | . . . . . Reprogrammed . | . . . . . Reused . | . . . . . Traps Extracted . | . . . . . Installed . | . . . . . Triggered . | . . . . . Machines | -11 -10 -9 -9 -9 ---------- Run | Yrd Mat Mat Sto Gar Machines Disabled . | . . . . . Max in Single Turn . | . . . . . Machines Repaired . | . . . . . Machines Dismantled . | . . . . . Machines Sabotaged . | . . . . . Overloaded Fab Kills . | . . . . . Hacking | -11 -10 -9 -9 -9 --------- Run | Yrd Mat Mat Sto Gar Machines Accessed 7 | . 2 . 5 . Terminals 2 | . . . 2 . Fabricators . | . . . . . Repair Stations 2 | . 1 . 1 . Recycling Units 2 | . 1 . 1 . Scanalyzers . | . . . . . Garrison Access 1 | . . . 1 . Total Hacks 10 | . 4 . 6 . Successful 5 | . . . 5 . Failed 5 | . 4 . 1 . Catastrophic 1 | . 1 . . . Database Lockouts . | . . . . . Manual 5 | . 4 . 1 . Terminals 2 | . . . 2 . Fabricators . | . . . . . Repair Stations 3 | . 1 . 2 . Recycling Units 4 | . 3 . 1 . Scanalyzers . | . . . . . Garrison Access 1 | . . . 1 . Terminal Hacks 2 | . . . 2 . Open Door 2 | . . . 2 . Fabricator Hacks . | . . . . . Repair Station Hacks 1 | . . . 1 . Scan Component 1 | . . . 1 . Recycling Unit Hacks . | . . . . . Scanalyzer . | . . . . . Garrison Access Hacks 1 | . . . 1 . Unlock Access 1 | . . . 1 . Unauthorized Hacks 1 | . . . 1 . Terminals . | . . . . . Fabricators . | . . . . . Repair Stations . | . . . . . Recycling Units 1 | . . . 1 . Reject 1 | . . . 1 . Scanalyzers . | . . . . . Garrison Access . | . . . . . Data Cores Recovered . | . . . . . Used . | . . . . . Hacking Detections 5 | . 1 . 4 . Full Trace Events . | . . . . . Feedback Events . | . . . . . Feedback Blocked . | . . . . . Robot Schematics Acquired . | . . . . . Robots Built . | . . . . . Authchips . | . . . . . Time . | . . . . . Total Robot Build Rating . | . . . . . Part Schematics Acquired . | . . . . . Parts Built . | . . . . . Authchips . | . . . . . Time . | . . . . . Total Part Build Rating . | . . . . . Parts Repaired . | . . . . . Time . | . . . . . Parts Recycled . | . . . . . Recycled Matter . | . . . . . Retrieved Matter . | . . . . . Retrieved Components . | . . . . . Parts Scanalyzed . | . . . . . Part Schematics Acquired . | . . . . . Parts Damaged . | . . . . . Bothacking | -11 -10 -9 -9 -9 ------------ Run | Yrd Mat Mat Sto Gar Used RIF Installer . | . . . . . Robots Hacked 2 | . . . . 2 Non-combat . | . . . . . Combat 2 | . . . . 2 Robot Hacks Applied 2 | . . . . 2 parse_system 2 | . . . . 2 Relay Couplers Released . | . . . . . Fabnet Peak Effective % . | . . . . . Robots Rewired . | . . . . . Allies Hacked . | . . . . . Hacks Repelled . | . . . . . Allies | -11 -10 -9 -9 -9 -------- Run | Yrd Mat Mat Sto Gar Total Allies . | . . . . . Largest Group . | . . . . . Highest-Rated Group . | . . . . . Highest-Rated Ally . | . . . . . Total Orders . | . . . . . Ally Attacks . | . . . . . Total Damage . | . . . . . Kills . | . . . . . Allies Corrupted . | . . . . . Allies Melted . | . . . . . Intel | -11 -10 -9 -9 -9 ------- Run | Yrd Mat Mat Sto Gar Active Infowar (turns) . | . . . . . Robot Analysis Total . | . . . . . Derelict Logs Recovered . | . . . . . Drone Launches . | . . . . . Drone Recoveries . | . . . . . Exploration | -11 -10 -9 -9 -9 ------------- Run | Yrd Mat Mat Sto Gar Turns Passed 469 | 55 218 19 63 114 Spaces Moved 548 | 42 170 50 123 163 Core 18 | 8 . . . 10 Treads . | . . . . . Legs 83 | 34 49 . . . Wheels . | . . . . . Hover 189 | . . . 36 153 Flight 258 | . 121 50 87 . Fastest Speed 31 | 50 37 31 31 48 Average Speed 52 | 106 60 31 36 48 Slowest Speed 120 | 120 120 31 52 52 Overloaded Moves . | . . . . . Propulsion Burnouts . | . . . . . Robots Hopped 3 | . 3 . . . Potential Cave-ins . | . . . . . Cave-ins Triggered . | . . . . . Exploration Rate (%) 18 | 3 34 5 24 27 Regions Visited 4 Branch Regions 1 Pre-discovered Areas . | . . . . . Known Exits Taken 1 | . . . 1 . Unknown Exits Taken 3 | 1 1 1 . . Scrap Searched . | . . . . . Spaces Dug . | . . . . . Terrain Destroyed . | . . . . . Melee . | . . . . . Projectile . | . . . . . AOE . | . . . . . Terrain Rammed . | . . . . . Walls Destroyed . | . . . . . Machines Disabled . | . . . . . Actions | -11 -10 -9 -9 -9 --------- Run | Yrd Mat Mat Sto Gar Total 704 | 49 269 52 138 196 Wait 78 | . 78 . . . Move 538 | 41 163 49 122 163 Hop 3 | . 3 . . . Pick Up 12 | 2 6 . 4 . Fast Attach 11 | 6 1 . 4 . Attach 5 | . 1 2 2 . Detach 2 | . 1 . 1 . Swap 9 | . 4 1 4 . Drop 6 | . 5 . 1 . Fire 7 | . 7 . . . Melee 5 | . . . . 5 Ram 27 | . . . . 27 Kick . | . . . . . Crush . | . . . . . Escape Stasis . | . . . . . Rewire 1 | . . . . 1 Trap . | . . . . . Miscellaneous . | . . . . . Route ------- -11/Scrapyard -10/Materials -9/Materials -9/Storage -9/Garrison History --------- Turn | Location | Event 7 | -11/Scrapyard | Discovered new exit (range 14) 56 | -11/Scrapyard | Entered Materials 267 | -10/Materials | Discovered new exit (range 15) 274 | -10/Materials | Entered another Materials area 274 | -9/Materials | Evolved 2 slots: Propulsion x2 277 | -9/Materials | Discovered new exit (range 16) 293 | -9/Materials | Entered Storage 322 | -9/Storage | Found Prototype Processor 322 | -9/Storage | Identified Exp. Targeting Computer 356 | -9/Storage | Identified exit to Garrison 356 | -9/Storage | Entered Garrison 359 | -9/Garrison | Build established: Mutant 374 | -9/Garrison | Triggered checkpoint 454 | -9/Garrison | Core integrity fell below 50% 467 | -9/Garrison | Core integrity fell below 20% 470 | -9/Garrison | Destroyed by H-55 Commando with Assault Rifle Last Messages --------------- System corrupted by crushing effect (+2). Slammed into L-31 Rogue. L-31 Rogue knocked back. Slammed into L-31 Rogue. Hover Unit destroyed. System corrupted by crushing effect (+1). Destabilizing: System interference. Exp. Targeting Computer temporarily disabled. Slammed into G-34 Mercenary. Slug penetrates L-31 Rogue. G-34 Mercenary destroyed. Slammed into S-10 Pest. Slammed into L-31 Rogue. Slug penetrates Wall. Slammed into G-34 Mercenary. Slammed into H-55 Commando. Acquired 50 matter. Penetrated by Slug. Slammed into H-55 Commando. Slug penetrates Wall. Map ----- +----------------------------------------------------+ | ??????????????????????????????????????????# | | ??????????????????????????????????????????" | | ??????????????????????????????????????????" | | ??????????????????????????????????????????" | | ??????????????????????????????????????????" | | ??????????????????????????????????????????# | | ???????????????????######################## | | ???????????????????# | | ???????????????????# ############ | | ???????????????????# #??????????# | | ???????????????????# #??????????# ######### | | ?????????????# ### ##?????????# #???????? | | ?????????????# #?????????# #???????? | | ?????????????####### ##?????????# #???????? | | ???????????????????# #??????????# #???????? | | ???????????????????# #??????????# #???????? | | ???????????????????# #??????????# "???????? | | ?????????????# ### ##?????????# "???????? | | ?????????????# #?????????# "???????? | | ?????????????####### ##?????????# #???????? | | ???????????????????# #??????????# #???????? | | ???????????????????# #??????????# #???????? | | ???????????????????# #????###???? ????????? | | ?????????????#!!!### ##???# #???????????????? | | ?????????????# h #???# #???????????????? | | ?????????????#######@##???# #???????????????? | | ???????????????????# ###### #???????????????? | | ???????????????????#gh #???????????????? | | ???????????????????#*########???????????????? | | ?????????????# ### ##?????????????????????? | | ?????????????# #?????????????????????? | | ?????????????####### ##?????????????????????? | | ???????????????????# #??????????????????????? | | ???????????????????# #??????????????????????? | | ?????????????####??# #??????????????????????? | | ?????????????#!!!### #??????????????????????? | | ?????????????# +??????????????????????? | | ?????????????####### #??????????????????????? | | ???????????????????###??????????????????????? | | ????????????????????????????????????????????? | | ????????????????????????????????????????????? | | ????????????????????????????????????????????? | | ????????????????????????????????????????????? | | ????????????????????????????????????????????? | | ????????????????????????????????????????????? | | ????????????????????????????????????????????? | | ????????????????????????????????????????????? | | ????????????????????????????????????????????? | | ????????????????????????????????????????????? | | ????????????????????????????????????????????? | +----------------------------------------------------+ Best States ------------- Heat Dissipation 28 Energy Generation 10 Energy Capacity 250 Matter Stores 253 Matter Capacity 300 Sight Range 16 Terrain Scan Density 10 Evasion (%) 63 Targeting Accuracy 12 Item Schematics ----------------- None Robot Schematics ------------------ None Fabricated ------------ Nothing Repaired ---------- Nothing Alien Tech Used ----------------- None Achievements -------------- None Challenges ------------ None Game ------ Seed GuidanceVariableImmobilizer Manual? 0 Play Time 00:12:20 Cumulative 20.6 hours Start 2025.08.29 @ 10:07:40 End 2025.08.29 @ 10:17:22 Sessions 1 Manual Loads 0 Difficulty Rogue Special Mode None Game No. 23 Rogue 23 Adventurer 0 Explorer 0 Win Type - Total 0 Types 0/0/0/0/0/0/0/0/0/0 Lore% 31 Gallery% 28 Achievement% 30 Wizard Run 0 Options --------- Layout 1 ASCII 0 Keyboard 0 Movement Numpad Keybinds 0 Fullscreen 1 Font 32/SmallcapsGlow Map View 50x35 Zoom Use 0% Tactical HUD 0 Map Filters NONE Filters NONE Steam 1 RUN: 10a5c0cf-ecf6-41ab-be37-4082cd7ade5c